 Dungeon Sprint DCSS version 0.23-a0-644-gb60d84b (webtiles) character file.

16729 Leeroy the Fencer (level 12, -1/103 HPs)
             Began as a Minotaur Fighter on Jan 1, 2019.
             Was the Champion of Qazlal.
             Killed from afar by a crystal guardian (48 damage)
             ... with a crystal bolt
             ... in the Dungeon (Sprint V: "Ziggurat Sprint").
             The game lasted 00:40:37 (1296 turns).

Leeroy the Fencer (Minotaur Fighter)                Turns: 1296, Time: 00:40:37

Health: -1/103     AC: 38    Str: 26    XL:     12   Next: 12%
Magic:  9/15       EV: 10    Int:  9    God:    Qazlal [******]
Gold:   0          SH: 51    Dex: 21    Spells: 11/11 levels left

rFire    . . .     SeeInvis +   J - +7 Screaming Sword {slice, sonic wave}
rCold    + . .     Gourm    .   Y - +18 shield of the Gong {rElec rN+ MR+ EV-5}
rNeg     + . .     Faith    .   X - +15 Maxwell's patent armour {-Cast -Tele rElec MR+ rCorr}
rPois    +         Spirit   .   N - +3 crown of Dyrovepreva {rElec Int+2 SInv}
rElec    +         Reflect  +   S - +0 cloak {rPois}
rCorr    +         Harm     .   D - +1 pair of gloves {Dex+3}
MR       ++...     NoTele   +   (no boots) Stlth ..........NoCast +
                                o - brooch of Shielding {Reflect SH+8}
HPRegen  0.27/turn              C - +6 ring of dexterity
MPRegen  0.14/turn              T - ring of Qougajan {rC+ Str+4 Stlth-}

@: repel missiles
A: retaliatory headbutt, horns 2
a: Upheaval, Elemental Force, Disaster Area, Renounce Religion


You were in the Dungeon.
You worshipped Qazlal.
Qazlal was exalted by your worship.
You were not hungry.

You visited 1 branch

Inventory:

Hand Weapons
 a - a +5 quick blade
 c - the +9 battleaxe of the Evil Eye {protect, rN+ MR- MP+9}
   (You found it in the Dungeon)

   It protects the one who uses it against injury (+AC on strike).
   It protects you from negative energy.
   It affects your resistance to hostile enchantments.
   It affects your magic capacity (+9).
 n - the +8 storm bow {elec}
   (You took it off a merfolk in the Dungeon)

   It charges the ammunition it shoots with electricity; occasionally upon a
   hit, such missiles may discharge and cause terrible harm.
 z - the +5 broad axe of Chance {chop, rC+ Dex+4}
   (You took it off a draconian in the Dungeon)

   It inflicts extra damage upon your enemies.
   It affects your dexterity (+4).
   It protects you from cold.
 E - the +2 spear "Somir" {protect, rElec MR+}
   (You found it in the Dungeon)

   It protects the one who uses it against injury (+AC on strike).
   It insulates you from electricity.
   It affects your resistance to hostile enchantments.
 F - the +8 demon blade "Bloodbane" {slice, *Rage +Rage Stlth-}
   (You found it in the Dungeon)

   It inflicts extra damage upon your enemies.
   It lets you go berserk.
   It may make you go berserk in combat.
   It makes you less stealthy.
 J - the +7 Screaming Sword (weapon) {slice, sonic wave}
   (You found it in the Dungeon)

   It inflicts extra damage upon your enemies.
 K - the +11 plutonium sword {*Contam Stlth-}
   (You found it in the Dungeon)

   It causes magical contamination when unequipped.
   It makes you less stealthy.
 L - the +7 sword of Power
   (You found it in the Dungeon)
 M - the +9 sword of Zonguldrok {reap}
   (You found it in the Dungeon)

   If a monster killed with it leaves a corpse in good enough shape, the corpse
   will be animated as a zombie friendly to the killer.
 O - the +10 zealot's sword {holy, *Rage rN+ EV+3}
   (You took it off a merfolk in the Dungeon)

   It has been blessed by the Shining One to cause great damage to the undead
   and demons.
   It affects your evasion (+3).
   It protects you from negative energy.
   It may make you go berserk in combat.
 P - a +5 triple sword of flaming
 Q - the +9 rapier of Famine {flame, +Blink rElec rF+ Stlth+}
   (You found it in the Dungeon)

   It has been specially enchanted to burn those struck by it, causing extra
   injury to most foes and up to half again as much damage against particularly
   susceptible opponents.
   It protects you from fire.
   It insulates you from electricity.
   It lets you blink.
   It makes you more stealthy.
 V - the +7 great mace "Firestarter" {inner flame, rF++}
   (You found it in the Dungeon)

   It has been specially enchanted to burn those struck by it, causing extra
   injury to most foes and up to half again as much damage against particularly
   susceptible opponents.
   It greatly protects you from fire.
 W - the +7 longbow "Piercer" {penet, EV-2}
   (You found it in the Dungeon)

   Ammo fired by it will pass through the targets it hits, potentially hitting
   all targets in its path until it reaches maximum range.
   It affects your evasion (-2).
 Z - the +9 heavy crossbow "Sniper" {velocity, Acc+∞ SInv}
   (You found it in the Dungeon)

   Any bolt fired from it inflicts extra damage.
   It lets you see invisible.
Missiles
 b - 6 silver tomahawks (quivered)
Armour
 D - a +1 pair of gloves of dexterity (worn)
 N - the +3 crown of Dyrovepreva (worn) {rElec Int+2 SInv}
   (You found it in the Dungeon)

   It affects your intelligence (+2).
   It insulates you from electricity.
   It lets you see invisible.
 S - a +0 cloak of poison resistance (worn)
 X - the +15 Maxwell's patent armour (worn) {-Cast -Tele rElec MR+ rCorr}
   (You found it in the Dungeon)

   It insulates you from electricity.
   It affects your resistance to hostile enchantments.
   It prevents spellcasting.
   It prevents most forms of teleportation.
   It provides partial protection from all sources of acid and corrosion.
 Y - the +18 shield of the Gong (worn) {rElec rN+ MR+ EV-5}
   (You found it in the Dungeon)

   It affects your evasion (-5).
   It insulates you from electricity.
   It protects you from negative energy.
   It affects your resistance to hostile enchantments.
Jewellery
 o - the brooch of Shielding (around neck) {Reflect SH+8}
   (You found it in the Dungeon)

   [amulet of reflection]

   It shields you and reflects attacks.
   It affects your SH (+8).
 C - a +6 ring of dexterity (left hand)
 G - a +5 ring of protection
 H - an uncursed ring of flight
 T - the ring of Qougajan (right hand) {rC+ Str+4 Stlth-}
   (You found it in the Dungeon)

   [ring of attention]

   It affects your strength (+4).
   It protects you from cold.
   It makes you less stealthy.
Wands
 w - a wand of disintegration (3)
 x - a wand of iceblast (7)
 y - a wand of acid (4)
Scrolls
 k - 4 scrolls of blinking
 l - 4 scrolls of amnesia
 m - 7 scrolls of fog
 p - 5 scrolls of remove curse
 q - 2 scrolls of fear
Potions
 d - 6 potions of might
 e - 9 potions of curing
 g - 6 potions of heal wounds
 h - 6 potions of haste
 i - 7 potions of magic
 j - 3 potions of berserk rage
 r - 2 potions of brilliance
 s - 2 potions of invisibility
 t - 4 potions of resistance
 u - a potion of experience
 v - 4 potions of agility
Miscellaneous
 A - a crystal ball of energy
 B - a lightning rod (4/4)
 I - a lightning rod (4/4)
 R - a phantom mirror
 U - a fan of gales
Comestibles
 f - 7 rations


   Skills:
 - Level 8.5 Fighting
 - Level 20.6 Long Blades
 - Level 7.7 Axes
 - Level 1.9 Throwing
 - Level 14.1 Armour
 - Level 10.2 Dodging
 - Level 19.1 Shields
 * Level 5.8 Invocations
 - Level 2.3 Evocations


You had 11 spell levels left.
You didn't know any spells.
Your spell library contained the following spells:

 Spells                   Type           Power        Failure   Level  Hunger
 Apportation              Tloc           #.....       96%         1    ##.....
 Sting                    Conj/Pois      #...         96%         1    ##.....
 Summon Butterflies       Summ           #.......     96%         1    ##.....
 Poisonous Vapours        Pois/Air       #.....       99%         2    ###....
 Throw Frost              Conj/Ice       #.....       99%         2    ###....
 Conjure Flame            Conj/Fire      #.......     100%        3    ####...
 Lesser Beckoning         Tloc           #.........   100%        3    ####...
 Mephitic Cloud           Conj/Pois/Air  #.......     100%        3    ####...
 Tukima's Dance           Hex            #.......     100%        3    ####...
 Olgreb's Toxic Radiance  Pois           #.......     100%        4    #####..
 Passage of Golubria      Tloc           N/A          100%        4    #####..
 Alistair's Intoxication  Tmut/Pois      #.......     100%        5    ######.
 Bolt of Magma            Conj/Fire/Erth #.........   100%        5    ######.
 Irradiate                Conj/Tmut      #.........   100%        5    ######.
 Iskenderun's Battlesphe  Conj/Chrm      #.......     100%        5    ######.
 Venom Bolt               Conj/Pois      #.........   100%        5    ######.
 Conjure Ball Lightning   Conj/Air       #.........   100%        6    #######
 Hydra Form               Tmut           #.........   100%        6    #######
 Invisibility             Hex            #.......     100%        6    #######
 Iron Shot                Conj/Erth      #.........   100%        6    #######
 Statue Form              Tmut/Erth      #........    100%        6    #######
 Dragon Form              Tmut           #.........   100%        7    #######
 Orb of Destruction       Conj           #.........   100%        7    #######
 Spellforged Servitor     Conj/Summ      #.........   100%        7    #######


Dungeon Overview and Level Annotations

Branches:
Dungeon (1/1)

Altars:
Ashenzari
Cheibriados
Dithmenos
Elyvilon
Fedhas
Gozag
Hepliaklqana
Kikubaaqudgha
Makhleb
Nemelex Xobeh
Okawaru
Qazlal
Ru
Sif Muna
Trog
Uskayaw
Vehumet
Wu Jian
Xom
Yredelemnul
Zin
The Shining One
Beogh
Jiyva
Lugonu


Innate Abilities, Weirdness & Mutations

You reflexively headbutt those who attack you in melee.
You have a pair of horns on your head.


Message History

Unknown command.
Unknown command.
Unknown command.
Unknown command.
Unknown command.
Unknown command.
Unknown command.
You hit the crystal guardian but do no damage.
You headbutt the crystal guardian.
The crystal guardian is almost destroyed.
You block the quicksilver dragon's attack.
GONNNNG!
You block the quicksilver dragon's attack.
PANG!
You block the quicksilver dragon's attack.
SHROANNG!
The quicksilver dragon barely misses you.
The crystal guardian fires a crystalline bolt at you.
The crystal bolt burns you!
You die...

▓...8©8...▓
.[:):}..▓..[[..)..▓
▓..)()||..▓...))|=..▓
▓.........▓.........▓
▓.........▓.........▓
▓.........▓.........▓
▓......EE.▓...)÷....▓
▓......)D8▓....)....▓
▓.▓.....▓@▓....©....▓
▓....©.8D.▓▓▓▓▓▓▓▓▓▓▓
▓▓▓▓▓▓▓▓▓▓▓


You could see 2 quicksilver dragons, 2 crystal guardians and 2 earth elementals.

Vanquished Creatures
  A greater mummy (D)
  A tentacled starspawn (D)
  A green draconian (D)
  An iron golem (D)
  A wretched star (D)
  A death drake (D)
  A worldbinder (D)
  8 draconians (D)
  2 gargoyles (D)
  6 merfolk (D)
  A guardian mummy (D)
  A hornet (D)
  2 spriggans (D)
  A flying skull (D)
  A yak (D)
  An ushabti (D)
  A chaos spawn (D)
  A porcupine (D)
  3 black bears (D)
  2 phantoms (D)
  A necrophage (D)
  A centaur (D)
  3 wolves (D)
  A crimson imp (D)
  A quasit (D)
  3 mummies (D)
  A river rat (D)
  3 white imps (D)
  A jackal (D)
52 creatures vanquished.

Vanquished Creatures (collateral kills)
  A draconian (D)
  A wolf (D)
  A river rat (D)
3 creatures vanquished.

Vanquished Creatures (others)
  A spatial maelstrom (D)
  3 centaurs (D)
  3 starspawn tentacles (D)
7 creatures vanquished.

Grand Total: 62 creatures vanquished

Notes
Turn   | Place    | Note
-------+----------+-------------------------------------------
     0 | D        | Found the +6 Majin-Bo {vamp, Archmagi MP+6 Int+6}
     0 | D        | Found the +7 great mace "Firestarter" {inner flame, rF++}
     0 | D        | Leeroy the Minotaur Fighter began the quest for the Orb.
     0 | D        | Reached XP level 1. HP: 19/19 MP: 0/0
     1 | D        | Banished a spatial maelstrom
     2 | D        | Found a blossoming altar of Fedhas.
     3 | D        | Found a viscous altar of Jiyva.
     3 | D        | Found a hazy altar of Hepliaklqana.
     3 | D        | Found a transporter.
     3 | D        | Found an opulent altar of Gozag.
     3 | D        | Found an ancient bone altar of Kikubaaqudgha.
     3 | D        | Found a corrupted altar of Lugonu.
     9 | D        | Found a burning altar of Makhleb.
    10 | D        | Found a sacrificial altar of Ru.
    10 | D        | Found a stormy altar of Qazlal.
    10 | D        | Found a deep blue altar of Sif Muna.
    10 | D        | Found an iron altar of Okawaru.
    10 | D        | Found a bloodstained altar of Trog.
    10 | D        | Found a sparkling altar of Nemelex Xobeh.
    32 | D        | Found the +9 heavy crossbow "Sniper" {velocity, Acc+∞ SInv}
    32 | D        | Found the +10 dark maul {crush}
    32 | D        | Found the +15 Maxwell's patent armour {-Cast -Tele rElec
                  | MR+ rCorr}
    32 | D        | Found the +18 shield of the Gong {rElec rN+ MR+ EV-5}
    32 | D        | Found the cursed +14 obsidian axe {chop, +Fly SInv *Curse}
    33 | D        | Found the +6 shillelagh "Devastator" {shatter}
    33 | D        | Found the +11 plutonium sword {*Contam Stlth-}
    33 | D        | Found the +8 lance "Wyrmbane" {slay drac, rPois rF+ rC+
                  | AC+3}
    33 | D        | Found the +9 sword of Zonguldrok {reap}
    33 | D        | Found the cursed +13 scythe of Curses {drain, *Curse}
    33 | D        | Found the +0 sword of Power
    33 | D        | Found the +7 mace of Variability {chain chaos}
    33 | D        | Found the +7 Singing Sword {slice, sonic wave}
    33 | D        | Found the +7 longbow "Piercer" {penet, EV-2}
   129 | D        | Became a worshipper of Qazlal Stormbringer
   178 | D        | Entered arena 2.
   178 | D        | Noticed a merfolk
   178 | D        | Noticed a merfolk
   178 | D        | Found a transporter.
   191 | D        | Killed a merfolk
   191 | D        | Reached skill level 4 in Long Blades
   191 | D        | Reached XP level 2. HP: 31/36 MP: 0/2
   191 | D        | Reached XP level 3. HP: 35/41 MP: 0/3
   191 | D        | Reached XP level 4. HP: 42/49 MP: 0/4
   191 | D        | Reached XP level 5. HP: 48/56 MP: 0/5
   196 | D        | Killed a merfolk
   196 | D        | Reached * piety under Qazlal
   196 | D        | Reached skill level 5 in Long Blades
   196 | D        | Reached skill level 10 in Armour
   196 | D        | Reached XP level 6. HP: 36/62 MP: 0/6
   267 | D        | Entered arena 3.
   267 | D        | Found a transporter.
   268 | D        | Found the +3 crown of Dyrovepreva {rElec Int+2 SInv}
   270 | D        | Reached skill level 7 in Long Blades
   270 | D        | Reached XP level 7. HP: 57/69 MP: 7/7
   273 | D        | Reached skill level 9 in Long Blades
   275 | D        | Reached ** piety under Qazlal
   275 | D        | Reached skill level 10 in Long Blades
   288 | D        | Got the +9 battleaxe of the Evil Eye {protect, rN+ MR-
                  | MP+9}
   300 | D        | Entered arena 4.
   300 | D        | Noticed a worldbinder
   300 | D        | Found a transporter.
   301 | D        | Noticed a wraith
   301 | D        | Noticed a wraith
   301 | D        | Noticed a necromancer
   307 | D        | Killed a worldbinder
   307 | D        | Reached skill level 13 in Long Blades
   307 | D        | Reached XP level 8. HP: 57/75 MP: 8/8
   315 | D        | Reached *** piety under Qazlal
   421 | D        | Entered arena 5.
   421 | D        | Noticed a draconian
   421 | D        | Noticed a draconian
   421 | D        | Noticed a draconian
   421 | D        | Noticed a draconian
   421 | D        | Found a transporter.
   427 | D        | Killed a draconian
   427 | D        | Reached skill level 14 in Long Blades
   432 | D        | Killed a draconian
   432 | D        | Reached skill level 15 in Long Blades
   436 | D        | Killed a draconian
   436 | D        | Reached **** piety under Qazlal
   436 | D        | Reached XP level 9. HP: 73/82 MP: 9/9
   440 | D        | Killed a draconian
   440 | D        | Reached skill level 16 in Long Blades
   478 | D        | Entered arena 6.
   478 | D        | Found a transporter.
   482 | D        | Reached skill level 1 in Dodging
   488 | D        | Reached ***** piety under Qazlal
   502 | D        | Got the +2 spear "Somir" {protect, rElec MR+}
   504 | D        | Entered arena 7.
   504 | D        | Noticed a draconian
   504 | D        | Noticed a green draconian
   504 | D        | Noticed a draconian
   504 | D        | Noticed a draconian
   504 | D        | Noticed a draconian
   504 | D        | Noticed a draconian
   505 | D        | Identified the +5 broad axe of Chance {chop, rC+ Dex+4}
   506 | D        | Found a transporter.
   521 | D        | Killed a draconian
   521 | D        | Reached skill level 17 in Long Blades
   523 | D        | Killed a draconian
   533 | D        | Killed a green draconian
   533 | D        | Reached skill level 18 in Long Blades
   533 | D        | Reached skill level 1 in Throwing
   533 | D        | Reached XP level 10. HP: 61/90 MP: 10/10
   538 | D        | Killed a draconian
   538 | D        | Reached skill level 5 in Dodging
   540 | D        | Killed a draconian
   549 | D        | Killed a draconian
   750 | D        | Entered arena 8.
   750 | D        | Noticed a wretched star
   750 | D        | Noticed a death drake
   750 | D        | Noticed a tentacled starspawn
   752 | D        | Found a transporter.
   755 | D        | Reached skill level 19 in Long Blades
   767 | D        | Killed a tentacled starspawn
   777 | D        | Killed a death drake
   777 | D        | Reached ****** piety under Qazlal
   777 | D        | Reached skill level 20 in Long Blades
   777 | D        | Reached skill level 15 in Shields
   778 | D        | Reached XP level 11. HP: 75/85 MP: 11/11
   784 | D        | Killed a wretched star
   802 | D        | Got the ring of Qougajan {rC+ Str+4 Stlth-}
   819 | D        | Entered arena 9.
   819 | D        | Noticed a greater mummy
   820 | D        | Found the brooch of Shielding {Reflect SH+8}
   820 | D        | Found a transporter.
   824 | D        | Noticed an emperor scorpion
   824 | D        | Noticed an emperor scorpion
   824 | D        | Noticed an emperor scorpion
   824 | D        | Noticed an emperor scorpion
   829 | D        | Noticed a death scarab
   829 | D        | Noticed a death scarab
   837 | D        | Noticed a death scarab
   837 | D        | Noticed a death scarab
   841 | D        | Noticed a death scarab
   841 | D        | Noticed a death scarab
   850 | D        | Killed a greater mummy
  1146 | D        | Entered arena 10.
  1151 | D        | Found a transporter.
  1224 | D        | Entered arena 11.
  1224 | D        | Noticed a spriggan rider
  1225 | D        | Found the +8 demon blade "Bloodbane" {slice, *Rage +Rage
                  | Stlth-}
  1225 | D        | Identified the +6 hand axe of Honafuff {elec, rF- MP+9
                  | Str-3 Dex+5}
  1228 | D        | Found a transporter.
  1230 | D        | Reached skill level 10 in Dodging
  1231 | D        | Reached skill level 1 in Invocations
  1238 | D        | Reached XP level 12. HP: 103/103 MP: 12/12
  1260 | D        | Got the +9 rapier of Famine {flame, +Blink rElec rF+
                  | Stlth+}
  1265 | D        | Got the Disquisition on the Destructive Voyage
  1281 | D        | Entered arena 12.
  1281 | D        | Noticed a crystal guardian
  1281 | D        | Noticed a stone giant
  1281 | D        | Noticed a crystal guardian
  1281 | D        | Noticed a quicksilver dragon
  1282 | D        | Found the +6 arbalest "Damnation" {damnation}
  1282 | D        | Found the +8 autumn katana {slice, Clar}
  1284 | D        | Noticed a quicksilver dragon
  1295 | D        | Reached skill level 5 in Invocations
  1296 | D        | Killed from afar by a crystal guardian

Vault maps used:
D:        sprint_v

Skill      XL: |  1  2  3  4  5  6  7  8  9 10 11 12 |
---------------+-------------------------------------+-----
Fighting       | 8 |  8.5
Long Blades    | 4 5 7 13 15 18 20 | 20.6
Armour         | 8 10 12 13 14 | 14.1
Shields        | 9 11 13 15 19 | 19.1
Evocations     | 2 |  2.3
Dodging        | 4 7 10 | 10.2
Throwing       | 1 |  1.9
Axes           | 7 |  7.7
Invocations    | 1 5 |  5.8

Action                   |  1- 3 |  4- 6 |  7- 9 | 10-12 || total
-------------------------+-------+-------+-------+-------++-------
Melee: Demon trident     |     5 |       |       |       ||     5
       Double sword      |       |     4 |    40 |    64 ||   108
       Eudemon blade     |       |     1 |    26 |    44 ||    71
       Headbutt          |       |     1 |    18 |    21 ||    40
Throw: Tomahawk          |       |       |     2 |     1 ||     3
Invok: Upheaval          |       |       |       |     2 ||     2
Evoke: Wand              |     7 |       |       |       ||     7
  Use: Potion            |       |       |       |     6 ||     6
       Scroll            |       |       |       |     2 ||     2
  Eat: Chunk             |       |       |       |     1 ||     1
Armor: Plate armour      |     4 |       |    13 |    58 ||    75
Dodge: Dodged            |       |       |     1 |    30 ||    31
Block: Shield            |    17 |     6 |    65 |   252 ||   340
       Reflection        |       |       |       |    21 ||    21
       Rpst.: Eudemon blade |       |       |     1 |     1 ||     2
       Double sword      |       |       |       |     2 ||     2

Table legend:
 A = Non-vault XP
 B = Vault XP
 C = Vault XP percentage of total XP
 D = Non-vault monster count
 E = Vault monster count
 F = Vault count percentage of total count
                 A         B        C        D         E       F
            +---------+---------+-------+---------+---------+-------
      Total |     271 |   23628 |  98.9 |       1 |      57 |  98.3
            +---------+---------+-------+---------+---------+-------
          D |     271 |   23628 |  98.9 |       1 |      57 |  98.3
            +---------+---------+-------+---------+---------+-------
